 Dungeon Crawl Stone Soup version 0.19-a0-1815-g4007336 (webtiles) character file.

8588 4thArraOfDagon the Grappler (level 11, 0/102 HPs)
             Began as a Troll Monk on Oct 5, 2016.
             Was a Priest of Cheibriados.
             Slain by a cyan ugly thing (17 damage)
             ... on level 15 of the Dungeon.
             The game lasted 00:12:29 (2608 turns).

4thArraOfDagon the Grappler (Troll Monk)            Turns: 2608, Time: 00:12:30

Health: 0/102      AC:  5    Str: 32    XL:     11   Next: 11%
Magic:  2/14       EV: 18    Int: 16    God:    Cheibriados [***...]
Gold:   298        SH: 12    Dex: 24    Spells: 2 memorised, 6 levels left

rFire  . . .     SeeInvis .       - Unarmed
rCold  . . .     Gourm    +     a - +0 robe
rNeg   + . .     Faith    .     m - +0 shield
rPois  +         Spirit   .     (helmet restricted)
rElec  .         Dismiss  .     (no cloak)
rCorr  .         Reflect  .     (gloves unavailable)
MR     .....     Harm     .     (boots unavailable)
Stlth  +++.......               j - amulet of Xamisy {RegenMP *Drain rPois Str+4}
                                G - ring of positive energy
                                r - ring of wizardry

@: agile, very slow
A: unfitting armour, claws 3, fast metabolism 3, gourmand, regeneration 1,
shaggy fur 1, tough skin 2
a: Bend Time, Temporal Distortion, Renounce Religion


You were on level 15 of the Dungeon.
You worshipped Cheibriados.
Cheibriados was most pleased with you.
You were very full.

You visited 1 branch of the dungeon, and saw 15 of its levels.

You collected 298 gold pieces.

Inventory:

Hand Weapons
 k - a +0 giant spiked club
Missiles
 D - 20 large rocks (quivered)
Armour
 a - a +0 robe (worn)
 m - a +0 shield (worn)
Magical Staves
 C - an uncursed staff of poison {unknown}
Jewellery
 j - the amulet of Xamisy (around neck) {RegenMP *Drain rPois Str+4}
   (You found it on level 4 of the Dungeon)

   [amulet of magic regeneration]

   It increases your magic regeneration.
   It affects your strength (+4).
   It protects you from poison.
   It causes draining when unequipped.
 r - a ring of wizardry (left claw)
 G - a ring of positive energy (right claw)
Wands
 q - a wand of lightning (5/15)
 s - a wand of teleportation (6/9)
 v - a wand of iceblast (6/15)
 y - a wand of lightning (6/15)
 z - a wand of iceblast (3/15)
Scrolls
 c - a scroll of remove curse {unknown}
 d - a scroll of teleportation {unknown}
 g - 3 scrolls of identify {unknown}
 i - 4 scrolls of amnesia {unknown}
 l - a scroll of noise {unknown}
 o - 2 scrolls of magic mapping {unknown}
 u - 3 scrolls of random uselessness {unknown}
 w - a scroll of holy word {unknown}
 A - 3 scrolls of enchant armour {unknown}
 F - a scroll of enchant weapon {unknown}
Potions
 e - a potion of ambrosia {unknown}
 f - 3 potions of might
 h - 3 potions of curing
 n - a potion of heal wounds {unknown}
 p - a potion of berserk rage {unknown}
 t - a potion of agility
 B - a potion of cancellation {unknown}
 E - a potion of haste {unknown}
Comestibles
 b - 5 bread rations
 x - a meat ration


   Skills:
 + Level 5.0 Fighting
 + Level 5.1 Dodging
 - Level 1.0 Stealth
 + Level 5.2 Shields
 * Level 12.8 Unarmed Combat
 + Level 5.3 Invocations


You had 6 spell levels left.
You knew the following spells:

 Your Spells              Type           Power        Failure   Level  Hunger
a - Blink                 Tloc           N/A          47%         2    ###....
b - Repel Missiles        Chrm/Air       #.....       47%         2    ###....


Dungeon Overview and Level Annotations

Branches:
Dungeon (15/15)            Temple (0/1) D:4
   Lair: D:8-11         Orc: D:9-12      Vaults: D:13-14     Depths: D:15

Altars:
Cheibriados
Dithmenos
Gozag


Innate Abilities, Weirdness & Mutations

You are too large for most types of armour.
You have claws for hands.
Your metabolism is lightning-fast.
You like to eat raw meat.
Your natural rate of healing is unusually fast.
You are covered in fur. (AC +1)
You have very tough skin. (AC +2)


Message History

Unknown command.
Okay, then.
Unknown command.
Okay, then.
Unknown command.
You warp the flow of time around you!
You feel somewhat less full.
Cheibriados lowers the support of your attributes as your movement quickens.
Unknown command.
You warp the flow of time around you!
You feel quite a bit less full.
Unknown command.
Unknown command.
It was a potion of curing.
You feel better.
The cyan ugly thing gurgles horribly!
The cyan ugly thing completely misses you.
It was a potion of agility.
You feel agile all of a sudden. The cyan ugly thing trunk-slaps you!
* * * LOW HITPOINT WARNING * * *
The cyan ugly thing shocks you!
You die...

#####.............#
..................##########
...........................#
....................########
#########..#######..# #..#
#..# #..# #.u#
...#######..########
.........@uu........#
###...######..[......# #...#
#..######## #...# #..# .....
.....### ####..# #..# ...


You could see 3 ugly things.

Vanquished Creatures
  2 hill giants
  4 cyclopes
  A wolf spider zombie (D:13)
  An ugly thing (D:15)
  A manticore (D:12)
  2 trolls (D:12)
  3 meliai (D:15)
  A hippogriff (D:7)
  A water elemental (D:12)
  Duvessa (D:4)
  An orc warrior (D:12)
  A sky beast (D:10)
  A phantom (D:4)
  2 ogres
  7 centaurs
  A gnoll sergeant (D:4)
  Dowan (D:4)
  A scorpion (D:9)
  5 killer bees (D:12)
  2 hounds
  A quasit (D:12)
  4 centaur skeletons
  A jelly (D:15)
  An orc priest (D:12)
  5 gnoll shamans (D:4)
  9 orc wizards
  A bullfrog skeleton (D:4)
  An iguana (D:12)
  Terence (D:2)
  3 worker ants
  A hound skeleton (D:4)
  49 gnolls
  8 adders
  2 shadow imps
  An adder skeleton (D:7)
  2 dart slugs (D:1)
  4 leopard geckos
  21 orcs
  A giant cockroach (D:4)
  4 goblins
  4 hobgoblins
  12 jackals
  2 quokkas
  2 ball pythons (D:3)
  4 bats
  A frilled lizard (D:1)
  A kobold (D:1)
  2 rats (D:1)
187 creatures vanquished.

Notes
Turn   | Place    | Note
-------+----------+-------------------------------------------
     0 | D:1      | 4thArraOfDagon the Troll Monk began the quest for the Orb.
     0 | D:1      | Reached XP level 1. HP: 22/22 MP: 0/0
    56 | D:1      | Reached XP level 2. HP: 29/29 MP: 1/1
   140 | D:1      | Reached skill level 4 in Unarmed Combat
   181 | D:2      | Found a snail-covered altar of Cheibriados.
   189 | D:2      | Became a worshipper of Cheibriados the Contemplative
   189 | D:2      | Reached * piety under Cheibriados
   189 | D:2      | Reached ** piety under Cheibriados
   197 | D:2      | Reached XP level 3. HP: 23/36 MP: 2/2
   208 | D:2      | Noticed Terence
   223 | D:2      | Killed Terence
   264 | D:2      | Reached XP level 4. HP: 44/44 MP: 3/3
   304 | D:3      | Found a shadowy altar of Dithmenos.
   355 | D:3      | Reached skill level 5 in Unarmed Combat
   476 | D:4      | Got a heavily runed steel amulet
   477 | D:4      | Identified the amulet of Xamisy {RegenMP *Drain rPois Str+4} (You found it on level 4 of the Dungeon)
   542 | D:4      | Reached *** piety under Cheibriados
   546 | D:4      | Reached XP level 5. HP: 46/50 MP: 4/4
   585 | D:4      | Reached skill level 6 in Unarmed Combat
   593 | D:4      | Noticed a phantom
   612 | D:4      | Killed a phantom
   616 | D:4      | Noticed Duvessa
   623 | D:4      | Noticed Dowan
   630 | D:4      | Killed Duvessa
   630 | D:4      | Reached skill level 7 in Unarmed Combat
   630 | D:4      | Reached XP level 6. HP: 41/59 MP: 5/5
   636 | D:4      | Killed Dowan
   670 | D:4      | Reached skill level 8 in Unarmed Combat
   670 | D:4      | Reached XP level 7. HP: 42/66 MP: 6/6
   825 | D:4      | Reached **** piety under Cheibriados
   881 | D:4      | Found a staircase to the Ecumenical Temple.
   909 | D:4      | Noticed a hornet
   946 | D:4      | Reached skill level 9 in Unarmed Combat
   976 | D:4      | Reached XP level 8. HP: 60/74 MP: 5/7
   997 | D:4      | Reached skill level 10 in Unarmed Combat
  1149 | D:4      | Reached skill level 1 in Shields
  1224 | D:4      | Reached ***** piety under Cheibriados
  1298 | D:5      | Entered Level 5 of the Dungeon
  1337 | D:5      | Learned a level 2 spell: Blink
  1340 | D:5      | Learned a level 2 spell: Repel Missiles
  1349 | D:5      | Reached skill level 1 in Invocations
  1369 | D:5      | Found an opulent altar of Gozag.
  1555 | D:7      | Noticed a hippogriff
  1560 | D:7      | Killed a hippogriff
  1870 | D:10     | Entered Level 10 of the Dungeon
  1892 | D:10     | Reached XP level 9. HP: 80/80 MP: 9/9
  1944 | D:10     | Reached skill level 11 in Unarmed Combat
  2069 | D:12     | Noticed a troll
  2074 | D:12     | Killed a troll
  2092 | D:12     | Noticed a troll
  2101 | D:12     | Killed a troll
  2182 | D:13     | Noticed a cyclops
  2191 | D:13     | Killed a cyclops
  2232 | D:13     | Reached XP level 10. HP: 42/92 MP: 11/11
  2237 | D:13     | Noticed a ghoul
  2237 | D:13     | Noticed a skeletal warrior
  2288 | D:13     | Noticed a cyclops
  2289 | D:13     | Noticed a gargoyle
  2302 | D:13     | Killed a cyclops
  2302 | D:13     | Reached skill level 12 in Unarmed Combat
  2315 | D:12     | Noticed a cyclops
  2322 | D:12     | Killed a cyclops
  2323 | D:12     | Noticed a hill giant
  2332 | D:12     | Killed a hill giant
  2335 | D:12     | Noticed a manticore
  2338 | D:12     | Noticed a cyclops
  2340 | D:12     | Killed a manticore
  2346 | D:12     | Killed a cyclops
  2346 | D:12     | Reached skill level 5 in Invocations
  2382 | D:12     | Reached skill level 5 in Shields
  2517 | D:14     | Noticed a hill giant
  2517 | D:14     | Noticed a necromancer
  2530 | D:14     | Killed a hill giant
  2539 | D:15     | Entered Level 15 of the Dungeon
  2556 | D:15     | Reached XP level 11. HP: 52/101 MP: 13/13
  2556 | D:15     | Reached skill level 5 in Fighting
  2556 | D:15     | Reached skill level 5 in Dodging
  2591 | D:15     | Noticed a purple ugly thing
  2600 | D:15     | Noticed a purple ugly thing
  2602 | D:15     | Noticed a purple ugly thing
  2602 | D:15     | Killed a purple ugly thing
  2604 | D:15     | Noticed a purple ugly thing
  2608 | D:15     | Slain by a cyan ugly thing

Vault maps used:
D:1:      lordsloth_arrival_two_stooges
D:2:      overflow_temple_1_default, cheibriados_altar_1, uniq_terence
D:3:      kennysheep_six_static_rooms, nicolae_dithmenos_shadow_blocks,
          minmay_shallow_snake_nest, uniq_grinder
D:4:      lemuel_castle_with_subvaults, minitemple, first_bread, uniq_duvessa
D:5:      grunt_gozag_breadcrumbs
D:8:      serial_shops, shop, solitary_fountain, hangedman_pestilent_swarm
D:9:      kennysheep_ambush_hall, nicolae_tso_swordbearing_angel, orc_0_dummy,
          serial_bayou, serial_bayou_pond_d, serial_bayou_pond_e,
          serial_bayou_pond_c, serial_bayou_pond_a, hangedman_decor_growths,
          kennysheep_doodads
D:10:     lightli_orcish_oven
D:11:     erik_lair_island
D:13:     serial_undead, serial_undead_a, serial_undead_d, serial_undead_f,
          serial_undead_e, enter_trove_2
D:14:     david_vaults_1, einodemon_armed_red_devil_minivault
D:15:     gammafunk_depths_entry_grave, serial_shops, shop, glass_columns_a,
          grunt_ministairs_11, uniq_urug

Skill      XL: |  1  2  3  4  5  6  7  8  9 10 11 |
---------------+----------------------------------+-----
Unarmed Combat | 4 5 7 8 9 10 11 12 | 12.8
Shields        | 2 4 5 |  5.2
Invocations    | 2 3 5 |  5.3
Dodging        | 4 5 |  5.1
Fighting       | 3 4 5 |  5.0
Stealth        | |  1.0

Action                   |  1- 3 |  4- 6 |  7- 9 | 10-12 || total
-------------------------+-------+-------+-------+-------++-------
Melee: Unarmed           |    49 |   100 |   231 |    49 ||   429
       Punch             |       |     3 |     2 |       ||     5
Invok: Slouch            |       |       |     2 |     5 ||     7
       Bend Time         |       |       |     2 |       ||     2
       Temporal Distorti |       |       |       |     5 ||     5
  Use: Potion            |       |       |       |     2 ||     2
 Stab: Sleeping          |     3 |     1 |     2 |       ||     6
  Eat: Chunk             |     5 |     4 |    12 |     3 ||    24
Armor: Robe              |    15 |    29 |    46 |     2 ||    92
Dodge: Dodged            |    30 |    49 |    84 |    10 ||   173
Block: Shield            |       |       |    69 |    25 ||    94
